 Dungeon Crawl Stone Soup version 0.30-a0-374-g95c0257040 (webtiles) character file.

Game seed: 5357317568079884819

10418 MTVSty1e the Spear-Bearer (level 11, -2/103 HPs)
             Began as a Pale Draconian Gladiator on Nov 26, 2022.
             Was a High Priest of Okawaru.
             Slain by a gargoyle
             ... wielding a +0 flail
              (8 damage)
             ... on level 10 of the Dungeon.
             The game lasted 00:19:04 (12987 turns).

MTVSty1e the Spear-Bearer (DrGl)                   Turns: 12987, Time: 00:19:04

Health: -2/103     AC: 12    Str: 20    XL:     11   Next: 35%
Magic:  9/11       EV: 15    Int:  9    God:    Okawaru [*****.]
Gold:   533        SH:  5    Dex: 13    Spells: 10/10 levels left

rFire   . . .      SeeInvis .    y - +4 spear (venom)
rCold   . . .      Faith    .    z - +0 buckler
rNeg    . . .      Spirit   .    (body armour unavailable)
rPois   .          Reflect  .    o - +1 hat {Will+}
rElec   .          Harm     .    i - +1 cloak
rCorr   .          Rampage  .    (no gloves)
Will    +++..                    e - +1 pair of boots {Fly}
Stlth   +++.......               (no amulet)
HPRegen 0.37/turn                g - ring of willpower
MPRegen 0.12/turn                b - ring of willpower

@: mighty, heroic, flying
A: breathe steam, AC +7, unfitting armour, cold-blooded, steam resistance
a: Breathe Steam, Renounce Religion, Heroism, Finesse, Duel


You were on level 10 of the Dungeon.
You worshipped Okawaru.
Okawaru was extremely pleased with you.
You visited 2 branches of the dungeon, and saw 11 of its levels.
You also visited: Bailey.

You collected 533 gold pieces.

Inventory:

Hand Weapons
 a - a +0 trident
 y - a +4 spear of venom (weapon)
 C - a +2 trident of flaming
 G - a +2 halberd of electrocution
Missiles
 J - 5 javelins (quivered)
Armour
 e - a +1 pair of boots of flying (worn)
 f - an orb of energy
 i - a +1 cloak (worn)
 o - a +1 hat of willpower (worn)
 z - a +0 buckler (worn)
 B - a +2 hat
Jewellery
 b - a ring of willpower (right hand)
 g - a ring of willpower (left hand)
Wands
 n - a wand of polymorph (14)
 v - a wand of mindburst (8)
 A - a wand of iceblast (13)
Scrolls
 h - 3 scrolls of fear
 k - 3 scrolls of immolation
 l - 3 scrolls of butterflies
 m - 8 scrolls of teleportation
 p - a scroll of enchant weapon
 x - 3 scrolls of amnesia
 H - a scroll of identify
 I - a scroll of noise {unknown}
Potions
 c - 5 potions of cancellation
 d - 4 potions of attraction
 j - 5 potions of might
 q - 4 potions of lignification
 r - 2 potions of ambrosia
 s - 5 potions of haste
 t - a potion of degeneration {unknown}
 u - 2 potions of brilliance
 w - 4 potions of curing
 D - a potion of invisibility
 F - 2 potions of mutation


   Skills:
 * Level 11.6(16.6) Fighting
 * Level 14.7(19.7) Polearms
 - Level 1.7(6.7) Throwing
 + Level 2.8(7.8) Dodging
 + Level 0.5(5.5) Shields
 + Level 0.6 Invocations


You had 10 spell levels left.
You didn't know any spells.
Your spell library contained the following spells:

 Spells                   Type           Power      Damage    Failure   Level
 Apportation              Tloc           0%         N/A       45%         1
 Sting                    Tmut/Pois      0%         1d3       45%         1
 Poisonous Vapours        Pois/Air       0%         N/A       61%         2
 Dazzling Flash           Conj/Hex       0%         N/A       83%         3
 Kindle Blastsparks       Fire/Tloc/Air  0%         2d10      83%         3
 Fulminant Prism          Conj/Hex       0%         3d5       99%         4
 Iskenderun's Mystic Bla  Conj/Tloc      0%         2d3       99%         4
 Olgreb's Toxic Radiance  Pois           0%         N/A       99%         4
 Alistair's Intoxication  Tmut/Pois      0%         N/A       100%        5
 Lee's Rapid Deconstruct  Erth           0%         3d4*      100%        5
 Starburst                Conj/Fire      0%         6d3       100%        6


Dungeon Overview and Level Annotations

Branches:
Dungeon (10/15)            Temple (1/1) D:4             Orc (0/2) D:10
 Bailey (visited)
   Lair: D:8-11

Altars:
Ashenzari
Cheibriados
Dithmenos
Elyvilon
Fedhas
Gozag
Hepliaklqana
Kikubaaqudgha
Makhleb
Nemelex Xobeh
Okawaru
Qazlal
Ru
Sif Muna
Trog
Uskayaw
Vehumet
Wu Jian
Xom
Yredelemnul
Zin
The Shining One

Shops:
D:3 [

Annotations:
D:10 Erolcha


Innate Abilities, Weirdness & Mutations

You can breathe blasts of scalding, opaque steam.
Your pale cyan-grey scales are hard. (AC +7)
You cannot fit into any form of body armour.
You are cold-blooded and may be slowed by cold attacks.
You are immune to the effects of steam.


Message History

You tail-slap the gargoyle, but do no damage.
The gargoyle is moderately damaged.
You hit the gargoyle.
You tail-slap the gargoyle, but do no damage.
The gargoyle is heavily damaged.
The gargoyle misses you.
You gain the combat prowess of a mighty hero.
The gargoyle hits you with a +0 flail.
You hit the gargoyle.
You tail-slap the gargoyle, but do no damage.
The gargoyle is heavily damaged.
You hit the gargoyle but do no damage.
The gargoyle is heavily damaged.
The gargoyle hits you with a +0 flail!
You hit the gargoyle but do no damage.
You tail-slap the gargoyle, but do no damage.
The gargoyle is heavily damaged.
You hit the gargoyle but do no damage.
The gargoyle is heavily damaged.
The gargoyle hits you with a +0 flail!
* * * LOW HITPOINT WARNING * * *
You hit the gargoyle.
The gargoyle is heavily damaged.
You hit the gargoyle but do no damage.
You tail-slap the gargoyle, but do no damage.
The gargoyle is heavily damaged.
The gargoyle hurls a stone arrow at you.
The stone arrow hits you!!
* * * LOW HITPOINT WARNING * * *
You feel much better. You block the gargoyle's attack.
You feel very mighty all of a sudden.
The gargoyle hurls a stone arrow at you.
The stone arrow hits you!!
* * * LOW HITPOINT WARNING * * *
You hit the gargoyle.
The gargoyle is severely damaged.
You hit the gargoyle but do no damage.
The gargoyle is severely damaged.
The gargoyle hits you with a +0 flail!
You die...

########## #........#
######........#
##........<..(.#
#...[.9@.......#######
..............[.......
.....(.........#.....#
...............# .?..#
...=.............<....
.....................#
...............###..##
#..............# .#
..9.......# ..


You could see a gargoyle.

Vanquished Creatures
  Erica (D:8)
  Urug (D:10)
  Pikel (D:8)
  Joseph (D:7)
  Maurice (D:9)
  Maggie (D:8)
  Grinder (D:3)
  A shadow (D:8)
  A wraith (D:9)
  A spriggan (D:8)
  A wyvern (D:8)
  14 yaks (D:9)
  3 vampire mosquitoes (D:9)
  2 steam dragons
  An acid dragon (D:8)
  2 water moccasins
  4 orc warriors
  4 ogres
  2 ice beasts
  A sky beast (D:7)
  2 hornet zombies (D:7)
  A lemure (D:8)
  2 phantoms (D:6)
  4 centaurs
  3 kobold brigands
  4 scorpions
  A gnoll sergeant (D:8)
  3 bullfrogs
  A wyvern zombie (D:7)
  3 wights (D:7)
  14 killer bees
  A centaur zombie (D:7)
  A bullfrog zombie (D:7)
  A jelly (D:4)
  A human zombie (D:7)
  2 hounds
  7 iguanas
  12 orc wizards
  2 killer bee zombies (D:7)
  A mummy (D:7)
  Robin (D:3)
  11 gnolls
  7 adders
  A white imp (D:4)
  A worm (D:3)
  5 dart slugs
  40 orcs
  7 ball pythons
  3 bats
  6 endoplasms
  6 giant cockroaches
  18 hobgoblins
  5 jackals
  11 kobolds
  7 quokkas
  2 frilled lizards
  23 goblins
  2 rats (D:1)
266 creatures vanquished.

Vanquished Creatures (others)
  An orc wizard (D:7)
  A goblin (D:3)
  A hobgoblin (D:3)
3 creatures vanquished.

Grand Total: 269 creatures vanquished

Notes
Turn   | Place    | Note
-------+----------+-------------------------------------------
     0 | D:1      | MTVSty1e the Draconian Gladiator began the quest for the
                  | Orb.
     0 | D:1      | Reached XP level 1. HP: 17/17 MP: 1/1
   113 | D:1      | Reached XP level 2. HP: 19/25 MP: 2/2
   483 | D:1      | Found a faded altar of an unknown god.
   531 | D:1      | You are sucked into a shaft and drop 1 floor!
   559 | D:2      | Reached XP level 3. HP: 28/30 MP: 3/3
   708 | D:2      | Reached skill level 4 in Polearms
  1144 | D:2      | Reached XP level 4. HP: 38/38 MP: 4/4
  1308 | D:3      | Found a shimmering blue altar of Sif Muna.
  1338 | D:3      | Noticed Robin
  1441 | D:3      | Killed Robin
  1902 | D:3      | Noticed Grinder
  1913 | D:3      | Paralysed by Grinder for 5 turns
  1936 | D:3      | Killed Grinder
  1937 | D:3      | Reached skill level 6 in Polearms
  1937 | D:3      | Reached XP level 5. HP: 32/47 MP: 5/5
  1937 | D:3      | Reached XP level 6. HP: 36/53 MP: 6/6
  2341 | D:3      | Found Xodeozuk's Antique Armour Shoppe.
  2848 | D:4      | Found a staircase to the Ecumenical Temple.
  2856 | Temple   | Entered the Ecumenical Temple
  2856 | Temple   | Found a transporter.
  2856 | Temple   | Found a transporter.
  2858 | Temple   | Found a transporter.
  2858 | Temple   | Found a transporter.
  2874 | Temple   | Became a worshipper of Warmaster Okawaru
  3077 | D:4      | Found a bloodstained altar of Trog.
  3165 | D:4      | Reached skill level 5 in Fighting
  3218 | D:4      | Your scales start taking on a pale cyan-grey colour.
  3218 | D:4      | Reached XP level 7. HP: 61/61 MP: 7/7
  3218 | D:4      | Gained mutation: You are immune to the effects of steam.
                  | [Pale Draconian growth]
  3300 | D:4      | Reached skill level 7 in Polearms
  3481 | D:4      | Found a glowing golden altar of the Shining One.
  3665 | D:5      | Entered Level 5 of the Dungeon
  4071 | D:5      | Reached * piety under Okawaru
  4231 | D:5      | Reached skill level 8 in Polearms
  4316 | D:5      | Found a hazy altar of Hepliaklqana.
  4362 | D:5      | Reached XP level 8. HP: 66/70 MP: 8/8
  4943 | D:6      | Reached skill level 9 in Polearms
  5137 | D:6      | Reached ** piety under Okawaru
  5872 | D:7      | Reached skill level 10 in Polearms
  6024 | D:7      | Found a burning altar of Makhleb.
  6024 | D:7      | Noticed a green death
  6078 | D:7      | Reached XP level 9. HP: 62/80 MP: 9/9
  6185 | D:7      | Found a white marble altar of Elyvilon.
  6192 | D:7      | Noticed Joseph
  6221 | D:7      | Killed Joseph
  6224 | D:7      | HP: 4/81 [iguana (8)]
  6887 | D:7      | Reached *** piety under Okawaru
  6888 | D:7      | Reached skill level 11 in Polearms
  7083 | D:7      | Found a radiant altar of Vehumet.
  7335 | D:7      | Found a basalt altar of Yredelemnul.
  7747 | D:8      | Reached skill level 12 in Polearms
  8095 | D:8      | Noticed Pikel
  8108 | D:8      | Reached XP level 10. HP: 67/91 MP: 10/10
  8144 | D:8      | Killed Pikel
  8553 | D:8      | Noticed Erica
  8570 | D:8      | Killed Erica
  8570 | D:8      | Reached **** piety under Okawaru
  8816 | D:8      | Noticed Maggie
  8830 | D:8      | Killed Maggie
  8831 | D:8      | Reached skill level 10 in Fighting
  8859 | D:8      | Reached skill level 13 in Polearms
 10114 | D:9      | Reached ***** piety under Okawaru
 10180 | D:9      | Found a flagged portal.
 10187 | Bailey   | Entered a bailey
 11009 | D:9      | Reached skill level 14 in Polearms
 11023 | D:9      | Reached XP level 11. HP: 84/102 MP: 11/11
 11589 | D:9      | Noticed Maurice
 11609 | D:9      | Killed Maurice
 11756 | D:10     | Entered Level 10 of the Dungeon
 11997 | D:10     | Found a staircase to the Orcish Mines.
 12079 | D:10     | Found an opulent altar of Gozag.
 12090 | D:10     | Noticed Erolcha
 12385 | D:10     | Noticed Urug
 12790 | D:10     | Killed Urug
 12983 | D:10     | HP: 3/103 [gargoyle/stone arrow (22)]
 12987 | D:10     | Slain by a gargoyle

Illustrated notes

Levels and vault maps discovered:
D:1:      dpeg_arrival_refuge, layout_rooms,
          shapermc_ecumenical_altar_starsandcircs, hangedman_decor_points,
          minmay_liquid_box
D:2:      layout_basic, roderic_lattice_a
D:3:      cheibrodos_greedy_goblins, layout_loops_ring,
          nicolae_sif_muna_condensation, serial_shops, nicolae_shop_stone,
          kennysheep_generic_room_4, uniq_grinder, uniq_robin
D:4:      layout_loops_ring, trog_book, general_overflow_altar,
          minmay_temple_entry_mist, grunt_decor_mini_mirrors
D:5:      layout_basic, mainiacjoe_overflow_concentric_impassable,
          hangedman_decor_opposing, minmay_misc_feat_x
D:6:      layout_loops_corners, minmay_a_box_with_orc_wizards_in_it
D:7:      layout_loops_ring, lemuel_mausoleum_altar_yredelemnul,
          makhleb_altar_promises_db, elyvilon_altar_4, old_standard_altar,
          uniq_joseph
D:8:      layout_loops_ring, the_hattery, uniq_pikel, uniq_erica, uniq_maggie
D:9:      layout_layer_cave, enter_bailey_3, grunt_decor_fettered, uniq_maurice
D:10:     layout_rooms, kennysheep_mini_moat, orc_0_dummy, uniq_urug,
          uniq_erolcha
Temple:   hellmonk_temple_divided_pantheon

Skill      XL: |  1  2  3  4  5  6  7  8  9 10 |
---------------+-------------------------------+-----
Polearms       | 4 6 8 10 12 14 | 14.7
Fighting       | 3 4 5 6 7 9 11 | 11.6
Throwing       | |  1.7
Dodging        | |  2.8
Shields        | |  0.5
Invocations    | |  0.6

Action                   |  1- 3 |  4- 6 |  7- 9 | 10-12 || total
-------------------------+-------+-------+-------+-------++-------
Melee: Trident           |    89 |   207 |   529 |   126 ||   951
       Tailslap          |     6 |    24 |    75 |    86 ||   191
       Spear             |       |       |       |   398 ||   398
Invok: Heroism           |       |       |     1 |     6 ||     7
 Abil: Breathe Steam     |       |       |       |     2 ||     2
  Use: Scroll            |       |    12 |       |     8 ||    20
       Potion            |       |     1 |     1 |     5 ||     7
 Stab: Sleeping          |     3 |     2 |     4 |    10 ||    19
       Distracted        |       |       |     1 |       ||     1
Armor: Skin              |    15 |    51 |   154 |   118 ||   338
Dodge: Dodged            |    46 |   112 |   224 |   207 ||   589
Block: Buckler           |       |       |       |    38 ||    38

Table legend: (Time is in decaauts)
 A = Elapsed time spent in this place.
 B = Non-inter-level travel time spent in this place.
 C = Inter-level travel time spent in this place.
 D = Time resting spent in this place.
 E = Time spent auto-exploring this place.
 F = Levels seen in this place.
 G = Mean time per level.
                   A        B        C        D        E       F      G
               +--------+--------+--------+--------+--------+-----+--------+
         Total |  12690 |  12372 |    318 |   3889 |   6543 |  12 | 1057.5 |
       Dungeon |  12159 |  11850 |    309 |   3818 |   6239 |  10 | 1215.9 |
        Temple |     51 |     42 |      9 |      0 |      2 |   1 |   51.0 |
        Bailey |    478 |    478 |      0 |     71 |    302 |   1 |  478.0 |
               +--------+--------+--------+--------+--------+-----+--------+

Top non-repeatable levels by time:
     D:8: 2094 daAuts
     D:9: 2008 daAuts
     D:7: 1810 daAuts
     D:3: 1323 daAuts
     D:5: 1117 daAuts
     D:6: 1024 daAuts
     D:4: 922 daAuts
     D:2: 739 daAuts
     D:1: 644 daAuts
  Bailey: 478 daAuts
    D:10: 474 daAuts
  Temple: 51 daAuts
